 Dungeon Crawl Stone Soup version 0.30-a0-4-ga7cffc901d (webtiles) character file.

Game seed: 7144988297920824816

666 Sabo the Digger (level 7, -1/63 HPs)
             Began as a Troll Earth Elementalist on Aug 20, 2022.
             Was a Follower of Dithmenos.
             Slain by a gnoll
             ... wielding a +0 club
             ... led by a gnoll bouda
              (2 damage)
             ... on level 5 of the Dungeon.
             The game lasted 00:32:07 (6151 turns).

Sabo the Digger (Troll Earth Elementalist)          Turns: 6151, Time: 00:32:10

Health: -1/63      AC:  4    Str: 17    XL:     7   Next: 31%
Magic:  10/10      EV: 10    Int: 13    God:    Dithmenos [*.....]
Gold:   229        SH:  0    Dex: 10    Spells: 11/12 levels left

rFire   . . .      SeeInvis .    u - +11 falchion of Traps {drain, Stlth+}
rCold   + . .      Faith    .    (no shield)
rNeg    . . .      Spirit   .    a - +0 robe
rPois   .          Reflect  .    (helmet restricted)
rElec   .          Harm     .    (no cloak)
rCorr   .          Rampage  .    (gloves unavailable)
Will    .....                    (boots unavailable)
Stlth   +++.......               (no amulet)
HPRegen 1.00/turn                p - ring of protection from cold
MPRegen 0.12/turn                (no ring)

@: about to teleport, weakened, wreathed by umbra
A: large, unfitting armour, claws 3, regeneration 1, shaggy fur 1, tough skin 1
a: Renounce Religion


You were on level 5 of the Dungeon.
You worshipped Dithmenos.
Dithmenos was aware of your devotion.
You visited 1 branch of the dungeon, and saw 5 of its levels.

You collected 229 gold pieces.

Inventory:

Hand Weapons
 u - the +11 falchion of Traps (weapon) {drain, Stlth+}
   (You found it on level 3 of the Dungeon)

   A truly terrible weapon, it drains the life of any living foe it strikes.
   Stlth:     It makes you more stealthy.
Missiles
 f - 3 atropa-tipped darts
 g - 11 poisoned darts (quivered)
 i - 4 javelins
 q - 11 boomerangs
Armour
 a - a +0 robe (worn)
Jewellery
 p - a ring of protection from cold (left claw)
 x - a ring of protection from cold
Scrolls
 d - 2 scrolls of poison
 h - a scroll of enchant weapon
 k - 6 scrolls of teleportation
 l - a scroll of fear {unknown}
 n - a scroll of amnesia
 r - a scroll of immolation
 w - a scroll of identify
Potions
 b - a potion of magic
 c - 2 potions of resistance
 e - 2 potions of lignification
 j - 3 potions of might
 m - a potion of brilliance {unknown}
 o - a potion of berserk rage
 s - 2 potions of attraction {unknown}
 t - a potion of degeneration {unknown}
 v - a potion of haste {unknown}


   Skills:
 + Level 1.6 Fighting
 + Level 0.5(1.5) Short Blades
 + Level 2.2 Long Blades
 + Level 0.7 Axes
 + Level 0.1 Throwing
 + Level 2.1 Dodging
 + Level 1.3 Stealth
 + Level 3.1 Spellcasting
 + Level 0.6 Transmutations
 + Level 4.7 Earth Magic


You had 11 spell levels left.
You knew the following spells:

 Your Spells              Type           Power      Damage    Failure   Level
a - Sandblast             Erth           28%        2d8       3%          1

Your spell library contained the following spells:

 Spells                   Type           Power      Damage    Failure   Level
 Passwall                 Tmut/Erth      6%         N/A       12%         2
 Apportation              Tloc           4%         N/A       22%         1
 Necrotise                Necr           8%         1d4       22%         1
 Summon Small Mammal      Summ           8%         N/A       22%         1
 Stone Arrow              Conj/Erth      16%        3d8       26%         3
 Petrify                  Tmut/Erth      8%         N/A       58%         4
 Blade Hands              Tmut           1%         N/A       99%         5
 Irradiate                Conj/Tmut      1%         3d12      99%         5
 Dragon Form              Tmut           1%         N/A       100%        7


Dungeon Overview and Level Annotations

Branches:
Dungeon (5/15)             Temple (0/1) D:4

Altars:
Dithmenos
Nemelex Xobeh


Innate Abilities, Weirdness & Mutations

You are too large for most types of armour.
You have claws for hands.
Your natural rate of healing is unusually fast.
You are covered in fur. (AC +1)
You have tough skin. (AC +1)


Message History

You claw the gnoll bouda, but do no damage.
The gnoll bouda is moderately wounded.
The gnoll hits you with a +0 flail. The gnoll hits you with a +0 club.
The gnoll hits you with a +0 spear! The gnoll barely misses you.
You hit the gnoll bouda but do no damage.
The gnoll bouda is moderately wounded.
The gnoll hits you but does no damage. The orc wizard barely misses you.
The gnoll bouda barely misses you. The gnoll hits you with a +0 spear.
An orc comes into view. It is wielding a +0 club.
The gnoll hits you with a +0 flail.
The orc shouts!
You slash the gnoll bouda!
The gnoll bouda is almost dead.
The gnoll hits you with a +0 club.
The orc wizard hits you with a +0 dagger.
The gnoll bouda gazes fiercely through you!
You feel your attacks grow feeble.
The gnoll bouda hits you with a +0 whip.
The gnoll hits you but does no damage. The gnoll barely misses you.
The gnoll closely misses you.
You completely miss the gnoll bouda.
The gnoll bouda is almost dead.
The orc wizard hits you with a +0 dagger.
The gnoll bouda barks out a call to the hunt!
The gnoll picks up the pace!
The gnoll hits you with a +0 spear. The gnoll completely misses you. x2
The gnoll hits you with a +0 spear.
* * * LOW HITPOINT WARNING * * *
The gnoll bouda hits you with a +0 whip!
* * * LOW HITPOINT WARNING * * *
The orc wizard barely misses you.
A black bear comes into view.
The black bear growls angrily.
As you read the scroll of teleportation, it crumbles to dust.
You feel strangely unstable.
You hear a shout!
The gnoll hits you with a +0 flail!
* * * LOW HITPOINT WARNING * * *
The gnoll hits you with a +0 club.
You die...

## ###. #...
#...##+# #....h.
#...o####+###
#?..o#g.....#
#.ogg@......#
.......og#g.....#
........g#......#
>........#....†.#
...####'##...<..####
.. .........##..# .
'.........#...#
#.........#...#
########..#...+


You could see a black bear, a gnoll bouda, an orc wizard, 5 gnolls and 3 orcs.

Vanquished Creatures
  A water moccasin (D:5)
  A phantom (D:5)
  2 scorpions
  A jelly (D:5)
  2 orc priests (D:3)
  A gnoll bouda (D:4)
  A hound (D:5)
  Terence (D:2)
  3 gnolls (D:4)
  9 adders
  A white imp (D:5)
  3 worms
  4 orcs
  9 endoplasms
  3 giant cockroaches
  6 goblins
  7 hobgoblins
  3 jackals (D:3)
  3 quokkas
  9 ball pythons
  4 bats
  5 kobolds
  A rat (D:1)
80 creatures vanquished.

Notes
Turn   | Place    | Note
-------+----------+-------------------------------------------
     0 | D:1      | Sabo the Troll Earth Elementalist began the quest for the
                  | Orb.
     0 | D:1      | Reached XP level 1. HP: 16/16 MP: 1/1
   364 | D:1      | Reached skill level 3 in Earth Magic
   508 | D:1      | Reached XP level 2. HP: 18/24 MP: 2/2
  2020 | D:2      | Reached XP level 3. HP: 20/32 MP: 1/4
  2173 | D:2      | Noticed Terence
  2185 | D:2      | Killed Terence
  2439 | D:2      | Reached XP level 4. HP: 40/40 MP: 0/5
  3033 | D:2      | Reached skill level 1 in Fighting
  3514 | D:3      | Identified the +0 leather armour of Hubris {rPois Str+4
                  | Int-3}
  3622 | D:3      | Found a shadowy altar of Dithmenos.
  3633 | D:3      | Became a worshipper of Dithmenos the Shadowed
  4037 | D:3      | Identified the +11 falchion of Traps {drain, Stlth+}
  4339 | D:3      | Reached XP level 5. HP: 20/48 MP: 2/7
  4348 | D:3      | Reached skill level 4 in Earth Magic
  4844 | D:4      | Reached * piety under Dithmenos
  5518 | D:4      | Reached XP level 6. HP: 45/55 MP: 6/8
  5732 | D:4      | Found a staircase to the Ecumenical Temple.
  5816 | D:4      | Found a sparkling altar of Nemelex Xobeh.
  5950 | D:5      | Entered Level 5 of the Dungeon
  5998 | D:5      | Noticed a water moccasin
  6003 | D:5      | Reached skill level 1 in Long Blades
  6037 | D:5      | Killed a water moccasin
  6038 | D:5      | Reached XP level 7. HP: 62/62 MP: 10/10
  6151 | D:5      | HP: 1/63 [gnoll/+0 flail[a gnoll bouda] (7)]
  6151 | D:5      | Slain by a gnoll

Illustrated notes

Levels and vault maps discovered:
D:1:      elethiomel_arrival_shortcut, layout_basic, minmay_tromino_v7
D:2:      layout_loops_corners, uniq_terence
D:3:      layout_basic, nicolae_dithmenos_through_a_glass_darkly, minivault_19
D:4:      layout_basic, nemelex_xobeh_ov_fountains_minmay,
          minmay_temple_entry_enclosed_plants
D:5:      layout_gridville, minitemple, gup_sewer_entry_bowl,
          corexii_leaking_fountain, lightli_corner_chamber

Skill      XL: |  1  2  3  4  5  6  7 |
---------------+----------------------+-----
Earth Magic    | 3 4 |  4.7
Fighting       | 1 |  1.6
Spellcasting   | 2 3 |  3.1
Dodging        | 2 |  2.1
Long Blades    | 1 2 |  2.2
Short Blades   | |  0.5
Axes           | |  0.7
Throwing       | |  0.1
Stealth        | |  1.3
Transmutations | |  0.6

Action                   |  1- 3 |  4- 6 |  7- 9 || total
-------------------------+-------+-------+-------++-------
Melee: Dagger            |    28 |       |       ||    28
       Short sword       |    11 |       |       ||    11
       War axe           |    15 |    12 |       ||    27
       Falchion          |       |    55 |    23 ||    78
       Punch             |       |       |     2 ||     2
Throw: Dart              |     3 |     2 |       ||     5
 Cast: Sandblast         |    34 |    57 |       ||    91
  Use: Scroll            |     4 |     6 |     1 ||    11
 Stab: Sleeping          |       |     1 |     1 ||     2
Armor: Robe              |    23 |    21 |    10 ||    54
Dodge: Dodged            |    33 |    45 |    25 ||   103

Table legend: (Time is in decaauts)
 A = Elapsed time spent in this place.
 B = Non-inter-level travel time spent in this place.
 C = Inter-level travel time spent in this place.
 D = Time resting spent in this place.
 E = Time spent auto-exploring this place.
 F = Levels seen in this place.
 G = Mean time per level.
                   A        B        C        D        E       F      G
               +--------+--------+--------+--------+--------+-----+--------+
         Total |   6226 |   6226 |      0 |   1729 |      0 |   5 | 1245.2 |
       Dungeon |   6226 |   6226 |      0 |   1729 |      0 |   5 | 1245.2 |
               +--------+--------+--------+--------+--------+-----+--------+

Top non-repeatable levels by time:
     D:1: 1725 daAuts
     D:3: 1576 daAuts
     D:2: 1430 daAuts
     D:4: 1281 daAuts
     D:5: 212 daAuts
